 Dungeon Crawl Stone Soup version 0.22-a0-538-g76cc104 (webtiles) character file.

286 Hebeh the Chopper (level 6, -1/57 HPs)
             Began as a Deep Dwarf Fighter on June 23, 2018.
             Killed by divine providence
             ... invoked by an orc priest
              (5 damage)
             ... on level 3 of the Dungeon.
             The game lasted 00:09:01 (1754 turns).

Hebeh the Chopper (Deep Dwarf Fighter)              Turns: 1754, Time: 00:09:01

Health: -1/57      AC:  7    Str: 22    XL:     6   Next: 8%
Magic:  6/6        EV:  7    Int:  8    God:
Gold:   144        SH: 10    Dex: 12    Spells: 5/5 levels left

rFire    . . .     SeeInvis .   a - +0 war axe
rCold    . . .     Gourm    .   c - +0 shield
rNeg     . . .     Faith    .   b - +0 scale mail
rPois    .         Spirit   .   (no helmet)
rElec    .         Reflect  .   o - scarf {repulsion}
rCorr    .         Harm     .   (no gloves)
MR       .....                  (no boots)
Stlth    ..........             (no amulet)
HPRegen  0.00/turn              (no ring)
MPRegen  0.10/turn              (no ring)

@: non-regenerating, repel missiles
A: damage resistance, heal wounds, sense surroundings 1, no regeneration
a: Heal Wounds


You were on level 3 of the Dungeon.
You were not hungry.

You visited 1 branch of the dungeon, and saw 3 of its levels.

You collected 144 gold pieces.

Inventory:

Hand Weapons
 a - a +0 war axe (weapon)
 k - a +1 dagger of flaming
Armour
 b - a +0 scale mail (worn)
 c - a +0 shield (worn)
 o - a scarf of repulsion (worn)
Jewellery
 s - an uncursed amulet of regeneration {unknown}
Scrolls
 e - 2 scrolls of identify
 h - 2 scrolls of remove curse
 i - 2 scrolls of fog {unknown}
 j - a scroll of enchant weapon {unknown}
 m - a scroll of enchant armour {unknown}
 n - a scroll of random uselessness {unknown}
 p - a scroll of blinking {unknown}
 r - a scroll of fear {unknown}
Potions
 d - a potion of might
 l - a potion of invisibility {unknown}
 q - 3 potions of curing {unknown}
Comestibles
 f - 5 rations
 g - 17 chunks of flesh


   Skills:
 + Level 3.6 Fighting
 * Level 4.6 Axes
 + Level 4.4 Armour
 + Level 4.4 Shields


You had 5 spell levels left.
You didn't know any spells.
Your spell library contained the following spells:

 Spells                   Type           Power        Failure   Level  Hunger
 Summon Ice Beast         Ice/Summ       #.......     100%        4    #####..
 Call Canine Familiar     Summ           #.......     100%        3    ####...
 Summon Butterflies       Summ           #.......     99%         1    ##.....
 Summon Hydra             Summ           #.........   100%        7    #######
 Summon Mana Viper        Hex/Summ       #.......     100%        5    ######.


Dungeon Overview and Level Annotations

Branches:
Dungeon (3/15)

Altars:
Cheibriados
Kikubaaqudgha
Ru
Vehumet


Innate Abilities, Weirdness & Mutations

You are resistant to damage.
You can heal yourself by infusing magical energy.
You passively map a small area around you.
You do not regenerate.


Message History

You barely miss something. Something completely misses you.
The orc priest hits you from afar with an enchanted trident.
Something hits you but does no damage.
The orc priest hits you from afar with an enchanted trident!
* * * LOW HITPOINT WARNING * * *
You barely miss something. Something hits you.
* * * LOW HITPOINT WARNING * * *
Something hits you.
The orc priest hits you from afar with an enchanted trident!
* * * LOW HITPOINT WARNING * * *
Your shield prevents you from hitting something.
Something hits you but does no damage.
The orc priest hits you but does no damage.
Something hits you.
You miss something. Something hits you.
The orc priest invokes the aid of Beogh against you.
Reactivating autopickup.
The orc priest invokes the aid of Beogh against you.
Beogh smites you!
You die...

# #.######### ## * ####
##.........#..., * ...#
#..........#.# , * #.>#
#..#...#.....,,
.#.####.###.###..# #
......[..#.)[#...#.#
##.###....._....##<#####
##.# #...#...#.o........
...###..###.###)@#####
#####.#..#...#...# #
#.##..........# #
##.#.#####....# # ##.##
###### # ###...# #
#...#.# # #.#...# #
#<#####


You could see an orc priest.

Vanquished Creatures
  A bullfrog (D:2)
  An orc priest (D:3)
  A worker ant (D:2)
  A gnoll (D:1)
  7 adders
  2 oozes
  An adder skeleton (D:2)
  5 leopard geckos
  7 orcs (D:3)
  5 goblins
  9 hobgoblins
  5 jackals (D:1)
  7 kobolds
  2 quokkas (D:2)
  A ball python (D:3)
  4 bats
  3 frilled lizards
  18 rats
80 creatures vanquished.

Vanquished Creatures (others)
  An orc wizard (D:3)
1 creature vanquished.

Grand Total: 81 creatures vanquished

Notes
Turn   | Place    | Note
-------+----------+-------------------------------------------
     0 | D:1      | Hebeh the Deep Dwarf Fighter began the quest for the Orb.
     0 | D:1      | Reached XP level 1. HP: 20/20 MP: 1/1
    58 | D:1      | Reached XP level 2. HP: 18/27 MP: 2/2
   324 | D:1      | Reached XP level 3. HP: 20/33 MP: 3/3
   597 | D:2      | Found a sacrificial altar of Ru.
   661 | D:2      | Reached XP level 4. HP: 41/42 MP: 4/4
   752 | D:2      | Noticed a bullfrog
   758 | D:2      | Killed a bullfrog
   758 | D:2      | Reached XP level 5. HP: 43/49 MP: 5/5
   768 | D:2      | Found an ancient bone altar of Kikubaaqudgha.
  1439 | D:3      | Found a snail-covered altar of Cheibriados.
  1655 | D:3      | Reached XP level 6. HP: 42/56 MP: 6/6
  1719 | D:3      | Found a radiant altar of Vehumet.
  1754 | D:3      | Killed from afar by an orc priest

Vault maps used:
D:1:      dpeg_arrival_ratfight
D:2:      nicolae_ru_sacrificial_ziggurat, nicolae_overflow_crystal_walls
D:3:      vehumet_crystals, nicolae_overflow_hidden_temple,
          kennysheep_slug_shrine

Skill      XL: |  1  2  3  4 |
---------------+-------------+-----
Axes           | 3 4 |  4.6
Fighting       | 3 |  3.6
Armour         | 4 |  4.4
Shields        | 4 |  4.4

Action                   |  1- 3 |  4- 6 || total
-------------------------+-------+-------++-------
Melee: War axe           |    92 |   172 ||   264
 Abil: Heal Wounds       |     1 |     1 ||     2
  Use: Scroll            |     2 |       ||     2
  Eat: Chunk             |       |     3 ||     3
Armor: Scale mail        |    39 |    96 ||   135
Dodge: Dodged            |    27 |    66 ||    93
       Deflected         |       |     1 ||     1
Block: Shield            |    46 |   104 ||   150

Table legend:
 A = Spawn XP
 B = Non-spawn XP
 C = Spawn XP percentage of total XP
 D = Spawn monster count
 E = Non-spawn monster count
 F = Spawn count percentage of total count
 G = Total turns spent on level
                    A         B        C        D         E        F      G
               +---------+---------+-------+---------+---------+-------+---------
         Total |       0 |     409 |   0.0 |       0 |      80 |   0.0 |  1754
               +---------+---------+-------+---------+---------+-------+---------
           D:1 |       0 |      58 |   0.0 |       0 |      27 |   0.0 |   594
           D:2 |       0 |     232 |   0.0 |       0 |      31 |   0.0 |   823
           D:3 |       0 |     119 |   0.0 |       0 |      22 |   0.0 |   337
               +---------+---------+-------+---------+---------+-------+---------
